AoeStats
← El Bipper

Arabia

508722114Analyzed
1v1 RM · 10d ago on Sep 23, 2026· 40m 52s· 2 players
Game mode
Random Map
Map size
Tiny (2 player)
Population
200
Speed
Normal
Resources
Standard
Victory
Conquest
Starting age
Dark Age
Ending age
Imperial Age
RankedLock teamsTeams togetherTeam positionsShared explorationLock speedFull tech treeHidden civsTurbo modeCheats
Victory
Defeat
🇦🇷 Teutons · Argentina
1457
+18
🇦🇺 Georgians · Australia
1500
-18
El Bipper
6:28 Loom
9:50 Feudal Age
10:33 Horse Collar
10:39 Double-Bit Axe
16:08 Wheelbarrow
19:17 Castle Age
17:16 Gold Mining
18:47 Bloodlines
19:14 Scale Barding Armor
20:34 Bow Saw
20:32 Heavy Plow
24:04 Forging
26:47 Chain Barding Armor
31:25 Imperial Age
29:40 Stone Mining
31:16 Hand Cart
31:32 Cavalier
33:11 Plate Barding Armor
37:33 Chemistry
38:34 Ballistics
38:20 Siege Engineers
39:18 Fletching
39:53 Paladin
41:09 Conscription
Pirulo222
6:36 Loom
9:01 Feudal Age
10:24 Double-Bit Axe
13:30 Horse Collar
20:18 Castle Age
18:33 Fletching
19:39 Gold Mining
20:26 Bloodlines
20:40 Padded Archer Armor
20:54 Bodkin Arrow
21:02 Husbandry
23:40 Bow Saw
24:48 Wheelbarrow
24:17 Town Watch
25:29 Ballistics
26:31 Leather Archer Armor
29:52 Scale Barding Armor
34:51 Imperial Age
35:36 Bracer
36:39 Chemistry
36:56 Parthian Tactics
37:11 Heavy Cavalry Archer
Connection lost

Rejoining the realm…

Still unreachable

The connection could not be restored.

Session expired

The server has moved on; the page needs a fresh start.